cohdb
Replays
Latest Replays
All Replays
Popular Replays
Top Player Replays
Match Explorer
How It Works
Community
CoH3 Stats
Reddit
Sign in to upload your games and track your stats! →
Sign in with Steam
Match 45708383
Unlisted
Match 45708383
Overview
Messages
Build Orders
End
Panzergrenadier Squad
Selects Battlefield Espionage Battlegroup
Panzergrenadier Squad
Panzergrenadier Squad
Construct Light Support Kompanie
Panzerjäger Squad
Fire Support Elements
Selects Intel Disruption Beacon
2.5-tonne Medical Truck
Pak 38 Mechanized Group
Combat Half-tracks
Selects Plunder
Flakvierling Half-track
Flakvierling Half-track
Assault Mechanized Group
Selects Firestorm
Pak 38 Anti-tank Gun Team
Firestorm
Pak 38 Anti-tank Gun Team
Selects 250/3 Funkpanzerwagen
Selects Advanced Ambush Training
Selects 250/3 Funkpanzerwagen
Selects Anti-Tank Incendiary Munitions
MillenniumKnight
Sauceram
Kurta-Burta
Petrov
0
0
Comments
sign in to comment!
No comments posted yet!